[Event "Titled Tuesday Blitz May 23 Late 2023"]
[White "HamedWafa4"]
[Black "Duda, Jan-Krzysztof"]
[BlackFideId "1170546"]
[WhiteElo "2630"]
[BlackElo "2790"]
[Result "0-1"]
[Round "02"]
[TimeControl "180+2"]
[Date "2023.05.23"]
[WhiteClock "0:00:00"]
[BlackClock "0:01:39"]

1. e4 c6 2. d4 d5 3. e5 Bf5 4. h4 h5 5. Bd3 Bxd3 6. Qxd3 e6 7. Nf3 Qa5+ 8. Nbd2 Qa6 9. c4 Nh6 10. O-O Nd7 11. b3 Ba3 12. Bxa3 Qxa3 13. c5 b6 14. Nb1 Qa5 15. a3 bxc5 16. dxc5 Qxc5 17. Rc1 Qb6 18. Nc3 Ng4 19. Qe2 Nc5 20. Rab1 a5 21. Ng5 Nd7 22. Na4 Qc7 23. f4 Qa7+ 24. Kh1 Rc8 25. f5 Ndxe5 26. fxe6 Nf2+ 27. Kh2 Neg4+ 28. Kg1 Ne4+ 29. Nc5 Nxc5 30. exf7+ Kf8 31. Kh1 Ne4 32. Ne6+ Kxf7 33. Ng5+ Nxg5 34. hxg5 Rhe8 35. Rf1+ Kg6 36. Qc2+ Re4 37. Rbe1 Qe7 38. b4 axb4 39. axb4 Qxg5 40. Kg1 Qh4 0-1


[Site "https://www.chess.com"]

[Event "Titled Tuesday Blitz May 23 Late 2023"]
[White "Bluebaum, Matthias"]
[Black "NikaVolkov"]
[WhiteFideId "24651516"]
[WhiteElo "2639"]
[BlackElo "2629"]
[Result "1-0"]
[Round "02"]
[TimeControl "180+2"]
[Date "2023.05.23"]
[WhiteClock "0:00:36"]
[BlackClock "0:00:04"]

1. d4 d5 2. c4 e6 3. Nc3 Nf6 4. cxd5 exd5 5. Bf4 Be7 6. e3 O-O 7. Bd3 Be6 8. h3 c5 9. Nf3 Nc6 10. O-O cxd4 11. Nxd4 Nxd4 12. exd4 Rc8 13. Qb3 Ne4 14. Bxe4 dxe4 15. d5 Rxc3 16. Qxc3 Qxd5 17. Rfd1 Qb5 18. a4 Qb4 19. Qxb4 Bxb4 20. Rac1 Ba5 21. Bc7 Bb4 22. Bd6 Bxd6 23. Rxd6 Rb8 24. Rcd1 Kf8 25. Rd8+ Rxd8 26. Rxd8+ Ke7 27. Rd4 f5 28. Kf1 Bd7 29. Ke2 Bc6 30. Ke3 g5 31. g3 a6 32. b3 Ke6 33. Rd8 Ke5 34. Rf8 h6 35. Rh8 f4+ 36. gxf4+ gxf4+ 37. Kd2 Bd5 38. b4 Kd4 39. Rxh6 e3+ 40. fxe3+ fxe3+ 41. Ke1 Bc6 42. Rxc6 bxc6 43. Ke2 1-0


[Site "https://www.chess.com"]

[Event "Titled Tuesday Blitz May 23 Late 2023"]
[White "Kleiman, Jake"]
[Black "Grischuk, Alexander"]
[WhiteFideId "2020041"]
[BlackFideId "4126025"]
[WhiteElo "2627"]
[BlackElo "2721"]
[Result "0-1"]
[Round "02"]
[TimeControl "180+2"]
[Date "2023.05.23"]
[WhiteClock "0:00:01"]
[BlackClock "0:00:04"]

1. e4 e6 2. d3 c5 3. Nf3 Nc6 4. g3 g6 5. Bg5 f6 6. Be3 d5 7. exd5 exd5 8. d4 c4 9. Bg2 Nge7 10. O-O Bg7 11. b3 cxb3 12. axb3 O-O 13. Re1 Be6 14. Bh6 Qd7 15. Bxg7 Kxg7 16. c3 Bh3 17. Bh1 Rfe8 18. Nbd2 Nf5 19. Qc2 Nd6 20. c4 Bf5 21. Qb2 Nb4 22. Qc3 Rxe1+ 23. Rxe1 a5 24. Nf1 Ne4 25. Qb2 Nd3 26. Qe2 Nxe1 27. Qxe1 Nd6 28. Ne3 Be4 29. Qc3 b5 30. cxb5 Nxb5 31. Qd2 a4 32. bxa4 Rxa4 33. Qb2 Nd6 34. Nd2 Bxh1 35. Kxh1 Qb5 36. Qc2 Nc4 37. Ndxc4 dxc4 38. Qe4 Ra7 39. d5 c3 40. Qd4 c2 41. Qc3 Qb1+ 42. Kg2 c1=Q 0-1


[Site "https://www.chess.com"]

[Event "Titled Tuesday Blitz May 23 Late 2023"]
[White "Bortnyk, Olexandr"]
[Black "Chor, Kevin"]
[WhiteFideId "14120828"]
[BlackFideId "2090740"]
[WhiteElo "2734"]
[BlackElo "2625"]
[Result "1-0"]
[Round "02"]
[TimeControl "180+2"]
[Date "2023.05.23"]
[WhiteClock "0:00:05"]
[BlackClock "0:00:01"]

1. e4 c5 2. c3 Nf6 3. e5 Nd5 4. d4 cxd4 5. Nf3 Nc6 6. Bc4 Nb6 7. Bb3 d6 8. exd6 e6 9. O-O dxc3 10. Nxc3 Bxd6 11. Ng5 Be7 12. Qh5 Bxg5 13. Bxg5 Qd3 14. Rad1 Qg6 15. Qh4 O-O 16. Nb5 Nd5 17. Bxd5 exd5 18. Nc7 Rb8 19. Nxd5 Be6 20. Nf4 Qf5 21. b3 h6 22. Bxh6 gxh6 23. Rd3 Ne5 24. Rg3+ Kh7 25. Rh3 Ng4 26. Nh5 Rg8 27. f3 Qc5+ 28. Kh1 Nf2+ 29. Qxf2 Qxf2 30. Rxf2 Bxh3 31. Nf6+ Kg6 32. Nxg8 Be6 33. Nxh6 Kxh6 34. g4 Rc8 35. Kg2 Kg7 36. Kg3 Kf6 37. h4 Bd7 38. Rd2 Bc6 39. Rd6+ Ke7 40. Rd3 Rg8 41. g5 f6 42. f4 fxg5 43. fxg5 Ke6 44. b4 Kf5 45. b5 Be4 46. Rd7 Rc8 47. Rf7+ Ke6 48. Rg7 Rc3+ 49. Kf4 Bd5 50. h5 Rf3+ 51. Kg4 Rf2 52. h6 Rg2+ 53. Kf4 Rh2 54. h7 Bxa2 55. g6 Bb1 56. Rg8 Bxg6 57. h8=Q Rxh8 58. Rxh8 Bd3 59. Rh5 a6 60. b6 Kd6 61. Ke3 Bb5 62. Kd4 Bd7 63. Rh7 Kc6 64. Kc4 Be6+ 65. Kb4 Bd5 66. Ka5 Kc5 67. Rh5 Kc6 68. Rh2 Kc5 69. Rc2+ Kd6 70. Rc7 Bc6 71. Kb4 Kd5 72. Rh7 Kd6 73. Rh6+ Kd7 74. Kc5 a5 75. Rh7+ Ke6 76. Rc7 Bf3 77. Kb5 a4 78. Kxa4 Kd6 79. Ka5 Bc6 80. Rh7 Kc5 81. Rh5+ Bd5 82. Rg5 Kc4 83. Rg7 Kc5 84. Rg1 Kc4 85. Rc1+ Kd4 86. Kb5 Ke5 87. Kc5 Bc6 88. Re1+ Kf6 89. Kd6 Kf5 90. Re7 Kf6 91. Rh7 Kf5 92. Kc7 Ke5 93. Rh5+ Kd4 94. Kb8 Kc4 95. Ka7 Kb4 96. Rh7 Kc5 97. Rxb7 1-0


[Site "https://www.chess.com"]

[Event "Titled Tuesday Blitz May 23 Late 2023"]
[White "Aldokhin, Ivan"]
[Black "Sarana, Alexey"]
[WhiteFideId "24115720"]
[BlackFideId "24133795"]
[WhiteElo "2322"]
[BlackElo "2714"]
[Result "0-1"]
[Round "02"]
[TimeControl "180+2"]
[Date "2023.05.23"]
[WhiteClock "0:00:00"]
[BlackClock "0:00:15"]

1. e4 c5 2. Nf3 d6 3. d4 cxd4 4. Nxd4 Nf6 5. Nc3 a6 6. Bc4 e6 7. Bb3 Nbd7 8. O-O Nc5 9. Qf3 Be7 10. Bg5 Qc7 11. Rfe1 O-O 12. Qg3 Kh8 13. Qh4 b5 14. Re3 Ng8 15. Rg3 h6 16. Bxe7 Qxe7 17. Qg4 Qf6 18. Rd1 Ne7 19. Nde2 b4 20. Na4 Nxa4 21. Bxa4 d5 22. exd5 Nxd5 23. Bc6 Rb8 24. Bxd5 exd5 25. Qd4 Qxd4 26. Nxd4 Be6 27. Re3 Rb6 28. Rde1 Rc8 29. f4 Kg8 30. f5 Bd7 31. Re7 Rd6 32. b3 Kf8 33. R7e5 a5 34. Kf2 Rc3 35. R5e3 Rc5 36. g4 g6 37. Kg3 Kg7 38. h4 Kf6 39. Kf4 g5+ 40. hxg5+ hxg5+ 41. Kf3 Kg7 42. Ke2 Rh6 43. Kd2 Rh4 44. Rg3 Kf6 45. Re2 Rc8 46. Nf3 Rh1 47. Ne5 Bb5 48. Rf2 Kxe5 49. Re3+ Kf6 50. Rg3 d4 0-1


[Site "https://www.chess.com"]

[Event "Titled Tuesday Blitz May 23 Late 2023"]
[White "Schnaider, Ilan"]
[Black "Andreikin, Dmitry"]
[WhiteFideId "169013"]
[BlackFideId "4158814"]
[WhiteElo "2224"]
[BlackElo "2736"]
[Result "1-0"]
[Round "02"]
[TimeControl "180+2"]
[Date "2023.05.23"]
[WhiteClock "0:00:50"]
[BlackClock "0:00:55"]

1. e4 e6 2. d4 d5 3. Nd2 c5 4. Ngf3 cxd4 5. Nxd4 Nc6 6. Bb5 Bd7 7. Nxc6 bxc6 8. Bd3 Qc7 9. Qe2 Bd6 10. Nf3 dxe4 11. Bxe4 Nf6 12. Bd3 c5 13. O-O O-O-O 14. Bb5 Bxb5 15. Qxb5 Qb7 16. Qc4 Nd5 17. Bg5 f6 18. Bh4 g5 19. Bg3 e5 20. Rfd1 Bc7 21. Qxc5 Kb8 22. c4 Nb4 23. Qe7 Qc6 24. Qxb4+ Bb6 25. Qe7 Ka8 26. a4 e4 27. a5 Rxd1+ 28. Rxd1 Bc5 29. Rd8+ Rxd8 30. Qxd8+ Kb7 31. Qb8+ Ka6 32. b4 Qd7 33. Qb5+ Qxb5 34. cxb5+ Kxb5 35. bxc5 exf3 36. gxf3 Kxa5 37. c6 Kb6 38. c7 Kb7 39. Kf1 f5 40. Bd6 a5 41. Ke2 1-0


[Site "https://www.chess.com"]

[Event "Titled Tuesday Blitz May 23 Late 2023"]
[White "Checa, Nicolas"]
[Black "Piesik, Piotr"]
[WhiteFideId "2069342"]
[BlackFideId "1136194"]
[WhiteElo "2507"]
[BlackElo "2299"]
[Result "1/2-1/2"]
[Round "02"]
[TimeControl "180+2"]
[Date "2023.05.23"]
[WhiteClock "0:00:54"]
[BlackClock "0:00:36"]

1. d4 d5 2. c4 c6 3. Nf3 Nf6 4. Nc3 dxc4 5. a4 Bf5 6. Ne5 Nbd7 7. Nxc4 Nb6 8. Ne5 a5 9. f3 Nfd7 10. Nxd7 Nxd7 11. e4 Bg6 12. Be3 e5 13. d5 Bc5 14. Bxc5 Nxc5 15. dxc6 bxc6 16. Qxd8+ Rxd8 17. Bc4 f6 18. Rd1 Ke7 19. Ke2 Rd4 20. b3 Rb8 21. Rb1 Bf7 22. Bxf7 Kxf7 23. Rb2 Rxb3 24. Rxb3 Nxb3 25. Rb1 Rb4 26. Ke3 Nc5 27. Rxb4 axb4 28. Na2 b3 29. Nc3 Ke7 30. Kd2 Kd6 31. Kc1 Kc7 32. Kb2 Kb6 33. Ka3 Ka5 34. h4 b2 35. h5 Nxa4 36. Nb1 c5 37. Kb3 Nb6 38. Kxb2 Kb4 39. Kc2 Kc4 40. Nc3 Kd4 41. Nb5+ Ke3 42. Nd6 Kf2 43. Ne8 Kxg2 44. Nxg7 Kxf3 45. Ne8 Nd7 46. Kd3 c4+ 47. Kxc4 Kxe4 48. Nd6+ Kf4 49. Kd5 Kg5 50. Ke6 Nc5+ 51. Kd5 Nd3 52. Ne4+ Kxh5 53. Nxf6+ Kg6 54. Nxh7 Kxh7 55. Ke4 Kg6 56. Kxd3 Kf5 57. Ke3 e4 58. Ke2 Kf4 59. Kf2 e3+ 60. Ke2 Ke4 61. Ke1 Kf3 62. Kf1 e2+ 63. Ke1 Ke3 1/2-1/2


[Site "https://www.chess.com"]

[Event "Titled Tuesday Blitz May 23 Late 2023"]
[White "Hakobyan, Aram"]
[Black "Manukyan, Sargis A."]
[WhiteFideId "13306677"]
[BlackFideId "13303970"]
[WhiteElo "2584"]
[BlackElo "2187"]
[Result "1-0"]
[Round "02"]
[TimeControl "180+2"]
[Date "2023.05.23"]
[WhiteClock "0:01:56"]
[BlackClock "0:00:54"]

1. d4 d5 2. c4 e6 3. Nc3 Nf6 4. cxd5 Nxd5 5. e4 Nxc3 6. bxc3 c5 7. Rb1 cxd4 8. cxd4 Nc6 9. Nf3 Bb4+ 10. Bd2 Bxd2+ 11. Qxd2 O-O 12. h4 h6 13. Rh3 Qa5 14. Bb5 Qxd2+ 15. Kxd2 Rd8 16. Bxc6 bxc6 17. Ke3 Ba6 18. Rhh1 Rac8 19. Rhc1 f6 20. Rc5 Kf7 21. Ra5 Bb5 22. a4 Bc4 23. Nd2 c5 24. Rxa7+ Kg6 25. Nxc4 Rxd4 26. h5+ Kxh5 27. Rxg7 1-0


[Site "https://www.chess.com"]

[Event "Titled Tuesday Blitz May 23 Late 2023"]
[White "Denishev, Marat"]
[Black "Bortnyk, Mykola"]
[WhiteFideId "24131563"]
[BlackFideId "14120836"]
[WhiteElo "2311"]
[BlackElo "2582"]
[Result "0-1"]
[Round "02"]
[TimeControl "180+2"]
[Date "2023.05.23"]
[WhiteClock "0:00:01"]
[BlackClock "0:00:32"]

1. d4 Nf6 2. Nc3 d5 3. Bg5 Bf5 4. e3 e6 5. Bd3 Bg6 6. Nge2 c5 7. Nf4 Nc6 8. O-O Be7 9. dxc5 Nd7 10. Bxe7 Qxe7 11. e4 d4 12. Nce2 Nxc5 13. Nxg6 hxg6 14. f4 O-O-O 15. b4 Nxb4 16. Rb1 Nxa2 17. Qd2 Kb8 18. Qa5 Nc3 19. Nxd4 Nxb1 20. Nb5 b6 21. Qb4 Rd7 22. Rxb1 Nxd3 23. cxd3 Qxb4 24. Rxb4 Rxd3 0-1


[Site "https://www.chess.com"]

[Event "Titled Tuesday Blitz May 23 Late 2023"]
[White "Omranalhosani21"]
[Black "Svane, Rasmus"]
[BlackFideId "4657101"]
[WhiteElo "2613"]
[BlackElo "2601"]
[Result "0-1"]
[Round "02"]
[TimeControl "180+2"]
[Date "2023.05.23"]
[WhiteClock "0:00:06"]
[BlackClock "0:01:16"]

1. e4 c6 2. d4 d5 3. e5 Bf5 4. Nc3 e6 5. g4 Bg6 6. Nge2 c5 7. h4 h5 8. Nf4 Bh7 9. g5 Nc6 10. Be3 cxd4 11. Bxd4 Bf5 12. Qd2 Nge7 13. O-O-O a6 14. Bc5 Ng6 15. Nxg6 Bxg6 16. Bxf8 Kxf8 17. f4 Rc8 18. Bd3 Bxd3 19. Qxd3 g6 20. a3 Ne7 21. Kb1 Kg7 22. Ne2 Qb6 23. Nd4 Rc4 24. c3 Rhc8 25. Ka2 Qc7 26. Rh2 b5 27. Rg2 Qb7 28. Rf1 a5 29. f5 Nxf5 30. Nxf5+ exf5 31. Rd1 b4 32. cxb4 axb4 33. Qxd5 b3+ 0-1


[Site "https://www.chess.com"]

[Event "Titled Tuesday Blitz May 23 Late 2023"]
[White "Fridman, Daniel"]
[Black "Korchmar, Vasiliy"]
[WhiteFideId "11600454"]
[BlackFideId "24131750"]
[WhiteElo "2525"]
[BlackElo "2370"]
[Result "1-0"]
[Round "02"]
[TimeControl "180+2"]
[Date "2023.05.23"]
[WhiteClock "0:00:26"]
[BlackClock "0:00:00"]

1. d4 d5 2. Nf3 Nf6 3. c4 c6 4. g3 g6 5. Bg2 Bg7 6. cxd5 cxd5 7. Nc3 Ne4 8. O-O Nxc3 9. bxc3 O-O 10. Bg5 h6 11. Bf4 Nc6 12. Qd2 Kh7 13. h4 Bf5 14. Rfe1 Rc8 15. Qb2 Na5 16. Nd2 b6 17. Rac1 Qd7 18. Kh2 Nc4 19. Nxc4 Rxc4 20. e3 Bf6 21. Bf1 g5 22. Bxc4 dxc4 23. e4 Bg4 24. e5 Bg7 25. hxg5 hxg5 26. Bxg5 Kg6 27. Bh4 Bh6 28. Rb1 Rh8 29. Qb5 Qf5 30. Qc6+ Kg7 31. Kg2 Bh3+ 32. Kg1 Bg4 33. Bxe7 Bf3 34. Qf6+ 1-0


[Site "https://www.chess.com"]

[Event "Titled Tuesday Blitz May 23 Late 2023"]
[White "Melikyan, Gnel"]
[Black "Sjugirov, Sanan"]
[WhiteFideId "54109990"]
[BlackFideId "4189302"]
[WhiteElo "2138"]
[BlackElo "2569"]
[Result "0-1"]
[Round "02"]
[TimeControl "180+2"]
[Date "2023.05.23"]
[WhiteClock "0:00:06"]
[BlackClock "0:00:28"]

1. e4 c5 2. Nf3 d6 3. d4 cxd4 4. Nxd4 Nf6 5. Nc3 a6 6. Be3 e5 7. Nf3 Qc7 8. a4 Be7 9. Be2 O-O 10. O-O Be6 11. h3 h6 12. a5 Qc6 13. Qd3 Nbd7 14. Nd2 Rac8 15. Rfd1 Rfd8 16. Nf1 Nc5 17. Bxc5 dxc5 18. Qf3 Rd4 19. Ne3 Nxe4 20. Nxe4 Rxe4 21. c3 c4 22. Nf5 Bxf5 23. Qxf5 Rxe2 24. Rd7 Re8 25. Rad1 g6 26. Qg4 Rxb2 27. Qg3 Bc5 28. Rd8 Bxf2+ 0-1


[Site "https://www.chess.com"]

[Event "Titled Tuesday Blitz May 23 Late 2023"]
[White "Makarian, Rudik"]
[Black "Spitzl, Vinzent"]
[WhiteFideId "44105681"]
[BlackFideId "12901253"]
[WhiteElo "2461"]
[BlackElo "2225"]
[Result "1-0"]
[Round "02"]
[TimeControl "180+2"]
[Date "2023.05.23"]
[WhiteClock "0:00:29"]
[BlackClock "0:00:13"]

1. d4 Nf6 2. c4 e6 3. Nf3 d5 4. g3 Be7 5. Bg2 O-O 6. Nc3 c5 7. cxd5 Nxd5 8. O-O Nxc3 9. bxc3 Nc6 10. Bf4 Bd7 11. h4 Rc8 12. Rb1 b6 13. h5 h6 14. e4 cxd4 15. cxd4 Nb4 16. d5 exd5 17. exd5 Nxa2 18. Be5 Nc3 19. Bxc3 Rxc3 20. Ne5 Bf6 21. Nc6 Bxc6 22. dxc6 Qxd1 23. Rfxd1 Rd8 24. Rxd8+ Bxd8 25. Rd1 Bf6 26. Rd7 Kf8 27. Rxa7 Ke8 28. c7 Be5 29. Ra8+ Kd7 30. c8=Q+ Rxc8 31. Bh3+ 1-0


[Site "https://www.chess.com"]

[Event "Titled Tuesday Blitz May 23 Late 2023"]
[White "Fishbein, Alexander"]
[Black "Ibarra Jerez, Jose Carlos"]
[WhiteFideId "2000377"]
[BlackFideId "2226332"]
[WhiteElo "2415"]
[BlackElo "2638"]
[Result "1/2-1/2"]
[Round "02"]
[TimeControl "180+2"]
[Date "2023.05.23"]
[WhiteClock "0:00:04"]
[BlackClock "0:00:04"]

1. e4 c5 2. Nf3 Nc6 3. d4 cxd4 4. Nxd4 e5 5. Nb5 d6 6. N1c3 a6 7. Na3 Be6 8. Nc4 Rb8 9. Nd5 Bxd5 10. exd5 Nce7 11. a4 Nf6 12. Be2 Nexd5 13. Bf3 Nb6 14. Nxb6 Qxb6 15. O-O Be7 16. a5 Qc7 17. Be3 O-O 18. Bb6 Qd7 19. c4 e4 20. Be2 d5 21. Rc1 Rbc8 22. cxd5 Qxd5 23. Qxd5 Nxd5 24. Rfd1 Nxb6 25. axb6 Bc5 26. Bg4 f5 27. b4 Bxb6 28. Rxc8 Rxc8 29. Bxf5 Rf8 30. Bxe4 Bxf2+ 31. Kh1 b6 32. g3 a5 33. bxa5 bxa5 34. Rf1 a4 35. Kg2 Bc5 36. Bd5+ Kh8 37. Rxf8+ Bxf8 38. Kf3 g6 39. h4 Kg7 40. Ba2 Kf6 41. g4 Ke5 42. Bg8 a3 43. Ke3 Bc5+ 44. Kf3 Be7 45. h5 g5 46. Ke3 Bc5+ 47. Kf3 h6 48. Bf7 Kd4 49. Bg8 Bf8 50. Bf7 Bg7 51. Bg8 Bf8 52. Bf7 Kd3 53. Bg8 Be7 54. Bf7 Bd8 55. Bg8 Bc7 56. Bf7 Bb6 57. Bg8 Bc5 58. Bf7 Bb4 59. Bg8 Bf8 60. Bf7 Kc3 61. Ke4 Kd2 62. Kf5 Ke3 63. Bg8 Kf3 64. Bf7 Kg3 65. Bg8 Be7 66. Bf7 Bd6 67. Bg8 Bb4 68. Be6 Bc3 69. Bf7 Bb4 70. Be6 Bf8 71. Bf7 Kf3 72. Be6 Ke3 73. Bg8 Kd4 74. Bf7 Kd3 75. Bg8 Kd4 76. Be6 Kc5 77. Bg8 Kd6 78. Bf7 Ke7 79. Ba2 Bg7 80. Bb3 Bc3 81. Kg6 Be5 82. Kxh6 Kf6 83. Kh7 Ke7 84. Kg6 Bf6 85. h6 Bh8 86. Kxg5 Kf8 87. Kg6 Bc3 88. g5 Bd2 89. Kh5 Be3 90. Kg4 Bd2 91. Kf5 Bc1 92. Kg6 Bd2 93. Kf6 Bc1 94. Kg6 Bd2 1/2-1/2


[Site "https://www.chess.com"]

[Event "Titled Tuesday Blitz May 23 Late 2023"]
[White "Terry, Renato"]
[Black "Tomiello, Mateus Costamilan"]
[WhiteFideId "3803457"]
[BlackFideId "22701958"]
[WhiteElo "2575"]
[BlackElo "1990"]
[Result "1-0"]
[Round "02"]
[TimeControl "180+2"]
[Date "2023.05.23"]
[WhiteClock "0:00:06"]
[BlackClock "0:00:04"]

1. e4 e5 2. Nf3 Nc6 3. c3 Nf6 4. d4 d6 5. Bb5 Bd7 6. O-O Be7 7. Re1 O-O 8. Ba4 Re8 9. Nbd2 Bf8 10. h3 h6 11. Bb3 a5 12. a3 g6 13. Bc2 Bg7 14. Nf1 b5 15. Ng3 a4 16. Be3 Na5 17. Nd2 c6 18. Bd3 Qc7 19. Rc1 c5 20. d5 c4 21. Bc2 Nb7 22. Nf3 Nc5 23. Nh2 Rf8 24. Qf3 Nh7 25. Rcd1 Ng5 26. Qe2 Rac8 27. h4 Nh7 28. Ng4 h5 29. Nh2 Nf6 30. Bg5 Ng4 31. Nxg4 Bxg4 32. f3 Bd7 33. Rf1 Kh7 34. Kh2 Bh6 35. Qe3 Bxg5 36. hxg5 Qd8 37. f4 exf4 38. Qxf4 Qe7 39. Qf6 Qxf6 40. Rxf6 Nb7 41. e5 dxe5 42. Re1 Rce8 43. Nxh5 Kg8 44. Ng3 Kg7 45. Rb6 Rh8+ 46. Kg1 Nc5 47. Rd6 Re7 48. Be4 Rh4 49. Bf3 Rf4 50. Re3 e4 51. Be2 Kf8 52. Rb6 Kg7 53. Rb8 Nd3 54. Rb7 Nxb2 55. d6 Re6 56. Rxd7 Nd3 57. Rd8 Nc5 58. Rb8 Rxd6 59. Rxb5 Nd3 60. Rxe4 Rxe4 61. Nxe4 Re6 62. Bf3 Ne5 63. Rb8 Re7 64. Nf6 Nxf3+ 65. gxf3 1-0


[Site "https://www.chess.com"]

[Event "Titled Tuesday Blitz May 23 Late 2023"]
[White "Arabidze, Meri"]
[Black "Kramnik, Vladimir"]
[WhiteFideId "13604040"]
[BlackFideId "4101588"]
[WhiteElo "2405"]
[BlackElo "2703"]
[Result "0-1"]
[Round "02"]
[TimeControl "180+2"]
[Date "2023.05.23"]
[WhiteClock "0:00:00"]
[BlackClock "0:00:09"]

1. d4 e6 2. Nf3 Nf6 3. c4 d5 4. Nc3 c6 5. e3 Nbd7 6. b3 Bb4 7. Bd2 Qe7 8. Bd3 O-O 9. O-O h6 10. Qe2 dxc4 11. Bxc4 b5 12. Bd3 a6 13. a4 Bb7 14. Rac1 Rac8 15. e4 bxa4 16. e5 Nd5 17. Nxa4 Bxd2 18. Qxd2 c5 19. Bb1 cxd4 20. Qxd4 Rfd8 21. h3 Qb4 22. Qd3 Nf8 23. Rc4 Rxc4 24. Qxc4 Qxc4 25. bxc4 Nf4 26. Kh2 Bxf3 27. gxf3 N8g6 28. Bxg6 Nxg6 29. Re1 Rd4 30. Nb6 Ne7 31. c5 Nc6 32. Kg3 g5 33. Nc8 Kg7 34. Nd6 Rd5 35. Rb1 Rxc5 36. Rb7 Nxe5 37. Ra7 a5 38. h4 gxh4+ 39. Kxh4 Rd5 40. Ne8+ Kg6 41. f4 Nd3 42. Kg3 Nc5 43. Nc7 Rd3+ 44. f3 a4 45. Ra5 Ne4+ 46. Kg2 Nc3 47. Ne8 Rd5 48. Ra6 Rf5 49. Nd6 Rxf4 50. Kg3 Nd5 0-1


[Site "https://www.chess.com"]

[Event "Titled Tuesday Blitz May 23 Late 2023"]
[White "Kiremitciyan, Ari"]
[Black "Rasulov, Vugar"]
[WhiteFideId "6373445"]
[BlackFideId "13402390"]
[WhiteElo "2181"]
[BlackElo "2509"]
[Result "0-1"]
[Round "02"]
[TimeControl "180+2"]
[Date "2023.05.23"]
[WhiteClock "0:00:00"]
[BlackClock "0:01:17"]

1. e4 c5 2. Nc3 d6 3. Bb5+ Nc6 4. Bxc6+ bxc6 5. d3 g6 6. Be3 Bg7 7. Nge2 Nf6 8. h3 O-O 9. Qd2 Rb8 10. b3 Qa5 11. Bh6 Bxh6 12. Qxh6 d5 13. O-O dxe4 14. Nxe4 Nxe4 15. dxe4 c4 16. Qe3 Qb6 17. Qc3 Ba6 18. Rfe1 Rfd8 19. Ng3 Qd4 20. Qxd4 Rxd4 21. Rad1 Rbd8 22. Rxd4 Rxd4 23. Nf1 Kg7 24. f3 Kf6 25. Kf2 c3 26. e5+ Ke6 27. f4 Rxf4+ 0-1


[Site "https://www.chess.com"]

[Event "Titled Tuesday Blitz May 23 Late 2023"]
[White "Sourath Biswas"]
[Black "Babazada, Khazar"]
[WhiteFideId "35091484"]
[BlackFideId "13413554"]
[WhiteElo "2171"]
[BlackElo "2351"]
[Result "0-1"]
[Round "02"]
[TimeControl "180+2"]
[Date "2023.05.23"]
[WhiteClock "0:00:19"]
[BlackClock "0:01:25"]

1. d4 Nf6 2. Nf3 g6 3. Nc3 d5 4. Bf4 Bg7 5. e3 O-O 6. Nb5 Na6 7. Be2 c6 8. Nc3 Nc7 9. O-O Bg4 10. h3 Bxf3 11. Bxf3 Nd7 12. e4 dxe4 13. Bxe4 Ne6 14. Be3 Nf6 15. Bf3 Qa5 16. Qe2 Rfd8 17. Rfd1 Qb4 18. a3 Qxb2 19. Na4 Qb5 20. Qxb5 cxb5 21. Nc3 Nc7 22. Bxb7 Rab8 23. Bf3 Nfd5 24. Nxd5 Nxd5 25. Bg5 Bf6 26. Bxf6 exf6 27. Rd3 Rbc8 28. Rb1 Nf4 29. Rd2 Rc3 30. Rxb5 Rxa3 31. Rb7 a5 32. c4 Rc3 33. c5 Nxh3+ 34. gxh3 Rxf3 35. c6 Rc3 36. d5 Rc8 37. Rb6 a4 38. d6 a3 39. d7 Rd8 40. Ra6 Kf8 41. Kg2 Ke7 42. Rxa3 Rxc6 43. Re3+ Re6 44. Red3 f5 45. Rd4 h5 46. R4d3 Re4 47. Rd4 Rxd4 48. Rxd4 Rxd7 49. Rb4 Rd6 50. Kf3 Kf6 51. Kf4 g5+ 52. Kg3 Rd3+ 53. f3 h4+ 54. Kf2 Rd2+ 55. Ke3 Rh2 56. Rb6+ Kg7 57. Rb5 Kg6 58. Rb6+ f6 59. Rb8 Rxh3 60. Rg8+ Kf7 61. Rh8 Kg7 62. Rd8 Rh1 63. Rd7+ Kg6 64. Kf2 Ra1 65. Kg2 Ra2+ 66. Kh3 Ra3 67. Kg2 g4 68. fxg4 fxg4 69. Rd4 Ra2+ 70. Kg1 f5 71. Kh1 Kg5 72. Kg1 h3 73. Kh1 f4 74. Rd3 g3 75. Rd1 Kg4 76. Kg1 f3 77. Rd4+ Kf5 78. Rd5+ Ke4 79. Rd1 Rg2+ 80. Kh1 Rh2+ 81. Kg1 f2+ 82. Kf1 Rh1+ 0-1


[Site "https://www.chess.com"]

[Event "Titled Tuesday Blitz May 23 Late 2023"]
[White "Novik, Maxim"]
[Black "Zhigalko, Sergei"]
[WhiteFideId "4102924"]
[BlackFideId "13502956"]
[WhiteElo "2287"]
[BlackElo "2626"]
[Result "1-0"]
[Round "02"]
[TimeControl "180+2"]
[Date "2023.05.23"]
[WhiteClock "0:00:26"]
[BlackClock "0:00:00"]

1. d4 Nf6 2. c4 e6 3. Nc3 Bb4 4. e3 O-O 5. Bd3 d5 6. a3 Bxc3+ 7. bxc3 c5 8. cxd5 exd5 9. Ne2 Bg4 10. O-O Nc6 11. f3 Bh5 12. Ng3 Bg6 13. Ra2 Re8 14. Re2 Rc8 15. Bb2 Qb6 16. Kh1 a6 17. Bxg6 hxg6 18. e4 Qb5 19. e5 Nh5 20. Nxh5 gxh5 21. f4 f5 22. dxc5 Qxc5 23. Rd2 g6 24. Rxd5 Qc4 25. Rd6 Kf7 26. Rf3 Rcd8 27. h3 Rxd6 28. Qxd6 Re6 29. Qd7+ Re7 30. Qd2 Na5 31. Qd8 Qb5 32. Qh8 Qxb2 33. Qf6+ Ke8 34. e6 Qb1+ 35. Kh2 Kd8 36. Qf8+ Re8 37. Qd6+ Kc8 38. Qd7+ Kb8 39. Qxe8+ Ka7 40. Qd7 Nc4 41. Qd4+ 1-0


[Site "https://www.chess.com"]

[Event "Titled Tuesday Blitz May 23 Late 2023"]
[White "Sanal, Vahap"]
[Black "Gubajdullin, Alexei"]
[WhiteFideId "6300545"]
[BlackFideId "4141202"]
[WhiteElo "2606"]
[BlackElo "2279"]
[Result "1-0"]
[Round "02"]
[TimeControl "180+2"]
[Date "2023.05.23"]
[WhiteClock "0:01:05"]
[BlackClock "0:00:07"]

1. d4 Nf6 2. c4 g6 3. Nc3 Bg7 4. e4 d6 5. Nf3 O-O 6. Be2 Na6 7. O-O e5 8. Re1 c6 9. Be3 Ng4 10. Bg5 f6 11. Bc1 exd4 12. Nxd4 f5 13. Bxg4 fxg4 14. Be3 Be5 15. Qd2 Qf6 16. Rad1 Nc5 17. Bg5 Qf7 18. Bh6 Re8 19. f4 Bh8 20. b3 Bd7 21. Re2 a5 22. f5 gxf5 23. exf5 Bxf5 24. Rf2 Re5 25. Rdf1 Qh5 26. Nxf5 Rae8 27. Ne7+ R5xe7 28. Rf8+ 1-0


[Site "https://www.chess.com"]

[Event "Titled Tuesday Blitz May 23 Late 2023"]
[White "Adla, Diego"]
[Black "Cordova, Emilio"]
[WhiteFideId "100072"]
[BlackFideId "3801497"]
[WhiteElo "2377"]
[BlackElo "2607"]
[Result "1/2-1/2"]
[Round "02"]
[TimeControl "180+2"]
[Date "2023.05.23"]
[WhiteClock "0:00:28"]
[BlackClock "0:00:17"]

1. Nf3 c5 2. e4 a6 3. c3 e6 4. d4 d5 5. exd5 exd5 6. Bd3 c4 7. Bc2 Bd6 8. b3 cxb3 9. axb3 Nf6 10. O-O O-O 11. h3 h6 12. Ba3 Nc6 13. Bxd6 Qxd6 14. Re1 Be6 15. Nbd2 Rac8 16. Nf1 Rc7 17. Re3 Rfc8 18. Qe1 Na7 19. Ng3 Nb5 20. Ne2 Rc6 21. Ne5 R6c7 22. Bd3 Qb6 23. Rd1 Nd6 24. b4 a5 25. bxa5 Qxa5 26. g4 Nfe4 27. c4 Qxe1+ 28. Rxe1 f6 29. cxd5 Bxd5 30. Nf4 Nc3 31. Neg6 Be4 32. f3 Bxd3 33. Nxd3 Nd5 34. Re6 Rd8 35. h4 h5 36. gxh5 Kf7 37. Ndf4 Nxf4 38. Re7+ Rxe7 39. Rxe7+ Kg8 40. Nxf4 Nf5 41. Rxb7 Nxh4 42. Rxg7+ Kxg7 43. Ne6+ Kh6 44. Nxd8 Nxf3+ 45. Kf2 Nxd4 46. Nf7+ Kxh5 47. Nd6 Kg4 48. Ne4 f5 49. Nf6+ Kg5 50. Nd5 Ne6 51. Ne3 f4 52. Nd5 Kf5 53. Nxf4 1/2-1/2


[Site "https://www.chess.com"]

[Event "Titled Tuesday Blitz May 23 Late 2023"]
[White "Veiga, Jose Francisco R P Neves"]
[Black "Xiong, Jeffery"]
[WhiteFideId "1930087"]
[BlackFideId "2047640"]
[WhiteElo "2320"]
[BlackElo "2726"]
[Result "0-1"]
[Round "02"]
[TimeControl "180+2"]
[Date "2023.05.23"]
[WhiteClock "0:00:00"]
[BlackClock "0:01:23"]

1. d4 f6 2. Nf3 d5 3. c4 c6 4. Nc3 dxc4 5. a4 Be6 6. e4 Bf7 7. d5 cxd5 8. exd5 e5 9. Bxc4 Bd6 10. O-O a6 11. Ne4 Ne7 12. b3 O-O 13. Nxd6 Qxd6 14. Ba3 Qd7 15. Qd3 Rd8 16. Bxe7 Qxe7 17. Rad1 Nc6 18. Rfe1 Qc5 19. Qc3 Nb4 20. d6 Nd5 21. Qc1 Qxd6 22. Nh4 g6 23. Qd2 Qe7 24. Qe2 Nf4 25. Bxf7+ Qxf7 26. Qf3 Ne6 27. g3 Nd4 28. Qg2 Qxb3 29. f4 Nc6 30. fxe5 Nxe5 0-1


[Site "https://www.chess.com"]